 Dungeon Crawl Stone Soup version 0.29.1-15-g9cfb28693d (webtiles) character file.

Game seed: 13724637278576028953

37 redmage the Digger (level 3, 0/26 HPs)
             Began as a Meteoran Earth Elementalist on Sept 13, 2023.
             Slain by Pargi (5 damage)
             ... in a sewer.
             The game lasted 00:01:57 (150 turns).

redmage the Digger (Meteoran Earth Elementalist)     Turns: 150, Time: 00:01:58

Health: 0/26       AC:  3    Str:  9    XL:     3   Next: 85%
Magic:  1/9        EV: 12    Int: 19    God:
Gold:   36         SH:  0    Dex: 14    Spells: 3/9 levels left

rFire   . . .      SeeInvis .   (no weapon)
rCold   . . .      Faith    .   (no shield)
rNeg    . . .      Spirit   .   a - +0 robe
rPois   .          Reflect  .   (no helmet)
rElec   .          Harm     .   c - +0 cloak
rCorr   .          Rampage  .   (no gloves)
Will    .....                   (no boots)
Stlth   +.........              (no amulet)
HPRegen 0.08/turn               (no ring)
MPRegen 0.11/turn               (no ring)

@: glowing
A: sense surroundings 1, otherworldly, glowing, explore regen
a: no special abilities


You were in a sewer.
You visited 1 branch of the dungeon, and saw 3 of its levels.
You also visited: Sewer.

You collected 36 gold pieces.

Inventory:

Armour
 a - a +0 robe (worn)
 c - a +0 cloak (worn)
Potions
 b - a potion of magic


   Skills:
 - Level 2.4 Dodging
 - Level 1.4 Stealth
 + Level 3.8 Spellcasting
 - Level 1.2 Transmutations
 + Level 4.5 Earth Magic


You had 3 spell levels left.
You knew the following spells:

 Your Spells              Type           Power      Damage    Failure   Level
a - Sandblast             Erth           40%        2d10      2%          1
b - Passwall              Tmut/Erth      11%        N/A       6%          2
c - Stone Arrow           Conj/Erth      24%        3d8       17%         3

Your spell library contained the following spells:

 Spells                   Type           Power      Damage    Failure   Level
 Gell's Gravitas          Tloc           3%         N/A       38%         3
 Lesser Beckoning         Tloc           3%         N/A       38%         3
 Teleport Other           Tloc           3%         N/A       38%         3
 Petrify                  Tmut/Erth      14%        N/A       38%         4


Dungeon Overview and Level Annotations

Branches:
Dungeon (3/15) Zot: 1673    Sewer (1/1) Zot: 563

Altars:

Annotations:
Sewer Pargi


Innate Abilities, Weirdness & Mutations

You passively map a small area around you.
You are easily found by Zot.
You glow in the dark.
You regain HP and MP as you explore.


Message History

Pargi is heavily wounded.
Pargi looks very sad for a moment.
Pargi misses you. Pargi closely misses you. Pargi claws you but does no damage.
Pargi barely misses you. Pargi closely misses you.
Pargi claws you but does no damage.
Casting: Sandblast (safe; 2% risk of failure)
Confirm with . or Enter, or press ? or * to list all spells.
Aiming: Sandblast (safe; 2% risk of failure)
Press: ? - help, Shift-Dir - straight line, f/p - Pargi
Aim: Pargi (heavily wounded, 79% to hit)
The blast of sand misses Pargi.
Pargi bites you. Pargi claws you but does no damage. Pargi closely misses you.
Unknown command.
Casting: Sandblast (safe; 2% risk of failure)
Confirm with . or Enter, or press ? or * to list all spells.
Aiming: Sandblast (safe; 2% risk of failure)
Press: ? - help, Shift-Dir - straight line, f/p - Pargi
Aim: Pargi (moderately wounded, 79% to hit)
The blast of sand hits Pargi!
Pargi is severely wounded.
Pargi completely misses you.
Pargi closely misses you. x2; Pargi bites you.
Pargi closely misses you. x2
Casting: Sandblast (safe; 2% risk of failure)
Confirm with . or Enter, or press ? or * to list all spells.
Aiming: Sandblast (safe; 2% risk of failure)
Press: ? - help, Shift-Dir - straight line, f/p - Pargi
Aim: Pargi (severely wounded, 79% to hit)
The blast of sand misses Pargi.
Pargi bites you.
* * * LOW HITPOINT WARNING * * *
Pargi closely misses you. Pargi claws you but does no damage.
Unknown command.
Casting: Sandblast (safe; 2% risk of failure)
Confirm with . or Enter, or press ? or * to list all spells.
Aiming: Sandblast (safe; 2% risk of failure)
Press: ? - help, Shift-Dir - straight line, f/p - Pargi
Aim: Pargi (heavily wounded, 79% to hit)
The blast of sand hits Pargi!
Pargi is almost dead.
Pargi bites you.
You die...

* * , .
....############
.....!T@.......∩*
....####.###### *
, . , #.# #.# *
#.# #.# #.# ##.##
##...##


You could see Pargi.

Vanquished Creatures
  2 adders (D:3)
  A river rat (D:3)
  A worm (D:3)
  A ball python (D:3)
  3 bats (Sewer)
  3 rats (D:3)
11 creatures vanquished.

Notes
Turn   | Place    | Note
-------+----------+-------------------------------------------
     0 | D:1      | redmage the Meteoran Earth Elementalist began the quest for
                  | the Orb.
     0 | D:1      | Reached XP level 1. HP: 14/14 MP: 5/5
    57 | D:3      | Reached skill level 4 in Earth Magic
    57 | D:3      | Reached XP level 2. HP: 20/20 MP: 4/7
    69 | D:3      | Reached XP level 3. HP: 26/26 MP: 6/8
    72 | D:3      | Learned a level 2 spell: Passwall
    76 | D:3      | Learned a level 3 spell: Stone Arrow
   107 | D:3      | Found a glowing drain.
   120 | Sewer    | Entered a sewer
   139 | Sewer    | Noticed Pargi
   150 | Sewer    | Slain by Pargi

Illustrated notes

Levels and vault maps discovered:
D:1:      dpeg_arrival_renting, layout_loops_ring,
          hellmonk_ecumenical_altar_watching_god
D:2:      layout_basic, uniq_robin
D:3:      layout_rooms, portal_sewer_entry_c
Sewer:    sewer_big_baddie

Skill      XL: |  1 |
---------------+----+-----
Spellcasting   | 3 |  3.8
Earth Magic    | 4 |  4.5
Dodging        | |  2.4
Stealth        | |  1.4
Transmutations | |  1.2

Action                   || total
-------------------------++-------
 Cast: Sandblast         ||    22
Armor: Robe              ||     6
Dodge: Dodged            ||    16
